 Dungeon Crawl Stone Soup version 0.31-a0-233-g139696dc86 (webtiles) character file.

Game seed: 4497282817247685951

243 qw the Shooter (level 5, -11/45 HPs)
             Began as a Minotaur Hexslinger on July 9, 2023.
             Killed by nerve-wracking pain
             ... invoked by Grinder
              (14 damage)
             ... on level 4 of the Dungeon.
             The game lasted 00:00:53 (2788 turns).

qw the Shooter (Minotaur Hexslinger)                Turns: 2788, Time: 00:00:53

Health: -11/45     AC:  8    Str: 13    XL:     5   Next: 82%
Magic:  5/5        EV: 12    Int: 10    God:
Gold:   112        SH:  0    Dex: 14    Spells: 5/6 levels left

rFire   . . .        Y - +1 sling
rCold   . . .        (no shield)
rNeg    . . .        h - +0 troll leather armour
rPois   .            (helmet restricted)
rElec   .            f - +0 cloak
rCorr   .            e - +1 pair of gloves
SInv    .            g - +0 pair of boots
Will    .....        (no amulet)
Stlth   +            (no ring)
HPRegen 1.07/turn    (no ring)
MPRegen 0.09/turn

%: no passive effects
@: no status effects
A: horns 2, retaliatory headbutt
a: no special abilities


You were on level 4 of the Dungeon.
You visited 1 branch of the dungeon, and saw 4 of its levels.

You collected 112 gold pieces.


Innate Abilities, Weirdness & Mutations

You have a pair of horns on your head.
You reflexively headbutt those who attack you in melee.


   Skills:
 + Level 3.1 Fighting
 - Level 6.0 Ranged Weapons
 - Level 1.3 Armour
 - Level 2.1 Dodging
 - Level 1.0 Spellcasting
 - Level 2.0 Hexes


You had 5 spell levels left.
You knew the following spells:

 Your Spells              Type           Power      Damage    Failure   Level
a - Slow                  Hex            16%        N/A       19%         1

Your spell library contained the following spells:

 Spells                   Type           Power      Damage    Failure   Level
 Inner Flame              Hex/Fire       2%         N/A       65%         3
 Portal Projectile        Hex/Tloc       4%         N/A       65%         3
 Cause Fear               Hex            2%         N/A       88%         4

Inventory:

Hand Weapons
 Y - a +1 sling (weapon)
Armour
 e - a +1 pair of gloves (worn)
 f - a +0 cloak (worn)
 g - a +0 pair of boots (worn)
 h - a +0 troll leather armour (worn)
Jewellery
 b - a ring of ice
Scrolls
 d - a scroll of identify
 i - a scroll of teleportation {unknown}
Potions
 a - a potion of brilliance {unknown}
 c - a potion of lignification {unknown}
 j - a potion of curing {unknown}

Dungeon Overview and Level Annotations

Branches:
Dungeon (4/15)
 Temple: D:4-7

Altars:

Annotations:
D:4 Grinder


Message History

You shoot a sling bullet.
The sling bullet barely misses the iguana.
The gnoll barely misses you. The iguana bites you!
The gnoll hits you with a +0 flail.
You shoot a sling bullet.
The sling bullet closely misses the iguana.
The gnoll hits you from afar with a +0 spear.
The gnoll closely misses you. You furiously retaliate!
You headbutt the gnoll. The iguana bites you.
You shoot a sling bullet.
The sling bullet hits the gnoll but does no damage.
The gnoll is moderately wounded.
The gnoll closely misses you. The iguana bites you!
The gnoll hits you but does no damage.
Grinder blinks!
You shoot a sling bullet. The sling bullet hits the gnoll.
The gnoll is moderately wounded.
The gnoll hits you but does no damage. The iguana closely misses you.
You furiously retaliate!
You headbutt the iguana! The gnoll closely misses you.
You shoot a sling bullet. The sling bullet hits the iguana.
The iguana is severely wounded.
The gnoll hits you but does no damage. The gnoll hits you with a +0 flail.
The iguana bites you but does no damage.
Grinder blinks!
You shoot a sling bullet. The sling bullet hits the iguana.
The iguana is severely wounded.
The gnoll hits you with a +0 flail.
The iguana bites you but does no damage.
The gnoll barely misses you.
You shoot a sling bullet.
The sling bullet hits the iguana but does no damage.
The iguana is severely wounded.
The gnoll hits you but does no damage. The iguana bites you.
The gnoll barely misses you. You furiously retaliate!
You headbutt the gnoll! You shoot a sling bullet.
The sling bullet hits the gnoll.
You kill the gnoll!
You hear the slow rusting of a distant drain.
The gnoll hits you but does no damage. The iguana barely misses you. x2
Grinder gestures at you. Pain shoots through your body!
You die...

.## #.#.#####
#.7.7. ..#
#.#.....# .#####
#..<.. ...#
#.#####.# ......
#.7.7. .#.# #.#
#.####......
##...# ...#
#.#####.##........
#.7##.## ...#
..................
#....). ..<#
..................
####### ....
.>................
#..#
.........)@5......
...........l.$..?.
..........#g......
..........#.......
.#.###..#.#.......
#. #)##.#.......
.. .......... ..
^. .....?.


You could see Grinder, an iguana and a gnoll.

Vanquished Creatures
  A scorpion (D:4)
  Jessica (D:2)
  Natasha (D:3)
  3 gnolls (D:4)
  6 adders
  A dart slug (D:4)
  3 orcs
  6 ball pythons
  3 bats (D:1)
  4 endoplasms
  6 giant cockroaches
  6 goblins
  6 hobgoblins
  3 kobolds
  3 quokkas (D:2)
  A frilled lizard (D:2)
  3 rats
57 creatures vanquished.

Notes
Turn   | Place    | Note
-------+----------+-------------------------------------------
     0 | D:1      | qw the Minotaur Hexslinger began the quest for the Orb.
     0 | D:1      | Reached XP level 1. HP: 16/16 MP: 1/1
     0 | D:1      | 0 ||| qw: Version: 0.3-a-51-g015441d
     0 | D:1      | 0 ||| qw: Game counter: 3819
     0 | D:1      | 0 ||| qw: Melee chars always use a shield: true
     0 | D:1      | 0 ||| qw: God list: Okawaru
     0 | D:1      | 0 ||| qw: Allow faded altars: false
     0 | D:1      | 0 ||| qw: Do Orc after clearing Dungeon:15 true
     0 | D:1      | 0 ||| qw: Do second Lair branch before Depths: true
     0 | D:1      | 0 ||| qw: Lair rune preference: random
     0 | D:1      | 0 ||| qw: Goals: Normal
     0 | D:1      | 0 ||| PLANNING D:1-11
   147 | D:1      | Reached skill level 3 in Ranged Weapons
   147 | D:1      | Reached XP level 2. HP: 23/23 MP: 2/2
   514 | D:1      | 514 ||| UPGRADING to +0 cloak.
   519 | D:1      | 519 ||| UPGRADING to +0 pair of boots.
   524 | D:1      | 524 ||| UPGRADING to +0 leather armour.
   534 | D:1      | 534 ||| DROPPING +0 robe.
   535 | D:1      | 535 ||| DROPPING ring of flight.
   536 | D:1      | 536 ||| READING scroll labelled XYTE ULERCHAESE.
   537 | D:1      | 537 ||| READING scroll labelled FUFIAJ HIQY.
   538 | D:1      | 538 ||| READING scroll labelled UCAFUHULASCH.
   539 | D:1      | 539 ||| READING scroll labelled JIFIOT ZOTO.
   540 | D:1      | 540 ||| DROPPING scroll of poison.
   660 | D:2      | Noticed Jessica
   662 | D:2      | Killed Jessica
   663 | D:2      | Reached skill level 4 in Ranged Weapons
   663 | D:2      | Reached XP level 3. HP: 29/29 MP: 3/3
   783 | D:2      | Found a faded altar of an unknown god.
   942 | D:2      | Reached XP level 4. HP: 23/36 MP: 4/4
  1551 | D:2      | 1551 ||| UPGRADING to +0 troll leather armour.
  1561 | D:2      | 1561 ||| DROPPING +0 leather armour.
  1562 | D:2      | 1562 ||| READING scroll labelled NINULO HOUTZO.
  1563 | D:2      | 1563 ||| READING scroll labelled ATSUST NYOWI.
  1761 | D:3      | Reached skill level 1 in Armour
  2385 | D:3      | Noticed Natasha
  2390 | D:3      | Reached skill level 5 in Ranged Weapons
  2395 | D:3      | Killed Natasha
  2396 | D:3      | Reached XP level 5. HP: 40/44 MP: 5/5
  2470 | D:3      | Reached skill level 3 in Fighting
  2471 | D:3      | 2471 ||| UPGRADING to +1 pair of gloves.
  2476 | D:3      | 2476 ||| READING scroll labelled LOUWECZO ZEPI.
  2477 | D:3      | 2477 ||| READING scroll labelled MYPLOSHR EFOEG.
  2596 | D:4      | 2596 ||| PLANNING SEWER
  2700 | D:4      | Reached skill level 6 in Ranged Weapons
  2770 | D:4      | Noticed Grinder
  2783 | D:4      | HP: 11/45 [iguana (10)]
  2786 | D:4      | HP: 4/45 [gnoll/+0 flail (6)]
  2788 | D:4      | Killed from afar by Grinder

Levels and vault maps discovered:
D:1:      dpeg_arrival_round_c, layout_basic
D:2:      layout_basic, ebering_ecumenical_altar_petrified, uniq_jessica
D:3:      layout_loops_corners, kennysheep_cross_bottleneck, uniq_natasha
D:4:      layout_rooms, mainiacjoe_overflow_brackets,
          worldfamousw_hep_ancestral_shrine, portal_sewer_entry_b,
          grunt_ministairs_11, uniq_grinder

Skill      XL: |  1  2  3  4  5 |
---------------+----------------+-----
Ranged Weapons | 3 4 5 6 |  6.0
Fighting       | 2 3 |  3.1
Armour         | 1 |  1.3
Dodging        | |  2.1
Spellcasting   | |  1.0
Hexes          | |  2.0

Action                     |  1- 3 |  4- 6 || total
---------------------------+-------+-------++-------
   Fire: Sling             |    71 |   113 ||   184
    Use: Scroll            |     4 |     4 ||     8
 Armour: Robe              |     1 |       ||     1
         Leather armour    |     4 |       ||     4
         Troll leather arm |       |    29 ||    29
  Dodge: Dodged            |    15 |    40 ||    55

Table legend:
 A = Non-vault XP
 B = Vault XP
 C = Vault XP percentage of total XP
 D = Non-vault monster count
 E = Vault monster count
 F = Vault count percentage of total count
                 A         B        C        D         E       F
            +---------+---------+-------+---------+---------+-------
      Total |     286 |      76 |  21.0 |      54 |       3 |   5.3
            +---------+---------+-------+---------+---------+-------
        D:1 |      31 |       0 |   0.0 |      16 |       0 |   0.0
        D:2 |      38 |      37 |  49.3 |       9 |       1 |  10.0
        D:3 |      75 |      36 |  32.4 |      16 |       1 |   5.9
        D:4 |     142 |       3 |   2.1 |      13 |       1 |   7.1
            +---------+---------+-------+---------+---------+-------
